 Dungeon Crawl Stone Soup version 0.31-a0-325-g067879e3d3 (webtiles) character file.

Game seed: 6315560148428048107

1763 Dittersdorf the Trooper (level 9, -3/57 HPs)
             Began as a Gargoyle Fighter on July 18, 2023.
             Was a Follower of Okawaru.
             Slain by a gnoll sergeant
             ... wielding a +5 spear of flaming
              (12 damage)
             ... on level 6 of the Dungeon.
             The game lasted 00:07:46 (4758 turns).

Dittersdorf the Trooper (Gargoyle Fighter)          Turns: 4758, Time: 00:07:47

Health: -3/57      AC: 22    Str: 24    XL:     9   Next: 7%
Magic:  9/9        EV:  6    Int:  9    God:    Okawaru [*.....]
Gold:   226        SH: 13    Dex:  9    Spells: 8/8 levels left

rFire   . . .        u - +2 whip (drain)
rCold   . . .        D - +0 tower shield
rNeg    + . .        l - +0 chain mail
rPois   ∞            y - +0 helmet
rElec   +            q - +0 cloak {rPois}
rCorr   .            w - +0 pair of gloves
SInv    .            v - +0 pair of boots
Will    +....        (no amulet) Stlth
                     E - ring of willpower
HPRegen 0.29/turn    F - ring of flight
MPRegen 0.11/turn

%: no passive effects
@: flying
A: sickness immunity, AC +6, negative energy resistance 1, electricity
resistance, torment resistance 1, petrification resistance
a: Renounce Religion, Heroism


You were on level 6 of the Dungeon.
You worshipped Okawaru.
Okawaru was aware of your devotion.
You visited 2 branches of the dungeon, and saw 7 of its levels.

You collected 226 gold pieces.

Inventory:

Hand Weapons
 a - a +0 flail
 u - a +2 whip of draining (weapon)
Missiles
 g - 14 poisoned darts (quivered)
 t - 2 throwing nets
Armour
 l - a +0 chain mail (worn)
 q - a +0 cloak of poison resistance (worn)
 v - a +0 pair of boots (worn)
 w - a +0 pair of gloves (worn)
 y - a +0 helmet (worn)
 D - a +0 tower shield (worn)
Jewellery
 x - a ring of fire
 E - a ring of willpower (left hand)
 F - a ring of flight (right hand)
 G - a ring of willpower
Scrolls
 e - 2 scrolls of blinking {unknown}
 h - a scroll of fear
 k - a scroll of fog
 n - 4 scrolls of teleportation
 o - a scroll of immolation {unknown}
 s - a scroll of enchant armour {unknown}
 z - a scroll of revelation {unknown}
 A - a scroll of silence {unknown}
Potions
 d - a potion of might
 i - a potion of enlightenment {unknown}
 j - 4 potions of curing {unknown}
 m - 2 potions of brilliance {unknown}
 p - a potion of magic
 r - a potion of heal wounds
 C - a potion of mutation


   Skills:
 + Level 7.0 Fighting
 + Level 6.0 Maces & Flails
 + Level 7.0 Armour
 + Level 7.0 Shields


You had 8 spell levels left.
You didn't know any spells.
Your spell library contained the following spells:

 Spells                   Type           Power      Damage    Failure   Level
 Sandblast                Erth           0%         2d4       100%        1
 Passwall                 Tmut/Erth      0%         N/A       100%        2
 Stone Arrow              Conj/Erth      0%         3d7       100%        3
 Lehudib's Crystal Spear  Conj/Erth      0%         10d2      100%        8
 Animate Armour           Summ/Erth      Unusable   N/A       N/A         4

Dungeon Overview and Level Annotations

Branches:
Dungeon (6/15)             Temple (1/1) D:4

Altars:
Ashenzari
Cheibriados
Dithmenos
Elyvilon
Fedhas
Kikubaaqudgha
Makhleb
Nemelex Xobeh
Okawaru
Qazlal
Trog
Uskayaw
Xom
Yredelemnul
Zin
The Shining One


Innate Abilities, Weirdness & Mutations

You are immune to sickness and miasma.
Your stone body is resilient. (AC +6)
You are immune to poison.
You resist negative energy. (rN+)
You are resistant to electric shocks. (rElec)
You are resistant to unholy torment.
You are immune to petrification.


Message History

You are too injured to fight recklessly!
You are too injured to fight recklessly!
You are too injured to fight recklessly!
You are too injured to fight recklessly!
You are too injured to fight recklessly!
You are too injured to fight recklessly!
You are too injured to fight recklessly!
You are too injured to fight recklessly!
You are too injured to fight recklessly!
You are too injured to fight recklessly!
You are too injured to fight recklessly!
You are too injured to fight recklessly!
You are too injured to fight recklessly!
You are too injured to fight recklessly!
You are too injured to fight recklessly!
The gnoll attacks as you move away! The gnoll barely misses you.
The gnoll attacks as you move away! The gnoll hits you with a +0 whip.
The gnoll attacks as you move away! You block the gnoll's attack.
You hit the gnoll.
The gnoll is lightly wounded.
You block the gnoll's attack.
You whack the gnoll!
The gnoll is almost dead.
The gnoll sergeant hits you from afar with a +5 spear of flaming!
* * * LOW HITPOINT WARNING * * *
The gnoll sergeant burns you.
* * * LOW HITPOINT WARNING * * *
The gnoll hits you but does no damage.
You hit the gnoll.
You kill the gnoll!
Okawaru accepts your kill.
The gnoll sergeant hits you from afar with a +5 spear of flaming.
* * * LOW HITPOINT WARNING * * *
The gnoll sergeant burns you.
* * * LOW HITPOINT WARNING * * *
Your Maces & Flails skill increases to level 6!
A gnoll comes into view. It is wielding a +0 spear.
The gnoll shouts!
The gnoll sergeant hits you with a +5 spear of flaming!
You die...

#. .# #. #.# #.
#.. ##. #.# ..
#.# ######.
#.#####
.....g)##.....#..
#..gg........ #.
#.###@###.## #.
###.###.###.# #.
(...........# #.
########.#### #.
#.# #. #.# #. #.#
#< #.# #. #.# #.


You could see a gnoll sergeant and 2 gnolls.

Vanquished Creatures
  The ghost of cforsyth the Covered, an amateur MeFi (D:5)
  Sigmund (D:1)
  Menkaure (D:4)
  A water moccasin (D:5)
  A black bear (D:5)
  2 ice beasts
  2 phantoms
  2 scorpions (D:5)
  2 hounds
  A jelly (D:5)
  3 orc priests
  Crazy Yiuf (D:2)
  A sleepcap (D:4)
  Jessica (D:2)
  An iguana (D:5)
  5 orc wizards
  5 gnolls
  A river rat (D:5)
  3 adders
  4 dart slugs
  17 orcs
  6 ball pythons
  4 endoplasms (D:4)
  4 giant cockroaches
  12 goblins
  6 hobgoblins
  9 jackals
  4 quokkas
  6 bats
  2 frilled lizards (D:3)
  5 kobolds
  6 rats
120 creatures vanquished.

Notes
Turn   | Place    | Note
-------+----------+-------------------------------------------
     0 | D:1      | Dittersdorf the Gargoyle Fighter began the quest for the
                  | Orb.
     0 | D:1      | Reached XP level 1. HP: 14/14 MP: 1/1
    37 | D:1      | Reached XP level 2. HP: 15/19 MP: 2/2
   617 | D:1      | Reached XP level 3. HP: 19/23 MP: 3/3
   875 | D:2      | Noticed Sigmund
   875 | D:2      | Noticed Jessica
   933 | D:1      | Killed Sigmund
   934 | D:1      | Reached XP level 4. HP: 6/30 MP: 4/4
   934 | D:1      | Reached XP level 5. HP: 7/34 MP: 5/5
  1058 | D:2      | Found a runed translucent door.
  1059 | D:2      | Noticed Crazy Yiuf
  1205 | D:2      | Killed Jessica
  1206 | D:2      | Reached XP level 6. HP: 38/39 MP: 6/6
  1475 | D:2      | Killed Crazy Yiuf
  1807 | D:3      | Found a bloodstained altar of Trog.
  2604 | D:4      | Reached skill level 5 in Fighting
  2604 | D:4      | Reached skill level 5 in Armour
  2604 | D:4      | Reached skill level 5 in Shields
  2609 | D:4      | Reached XP level 7. HP: 40/44 MP: 7/7
  2691 | D:4      | Noticed Menkaure
  2705 | D:4      | Killed Menkaure
  2982 | D:4      | Found a sparkling altar of Nemelex Xobeh.
  3302 | D:4      | Found a staircase to the Ecumenical Temple.
  3457 | Temple   | Entered the Ecumenical Temple
  3466 | Temple   | Became a worshipper of Warmaster Okawaru
  3526 | D:5      | Entered Level 5 of the Dungeon
  3528 | D:5      | Found a runed translucent door.
  3534 | D:5      | Noticed cforsyth's ghost (amateur MeFi)
  3677 | D:5      | Reached XP level 8. HP: 39/51 MP: 8/8
  3811 | D:5      | Reached * piety under Okawaru
  3812 | D:5      | Reached skill level 5 in Maces & Flails
  4294 | D:5      | Found a runed translucent door.
  4391 | D:5      | Killed cforsyth's ghost
  4682 | D:6      | Reached XP level 9. HP: 56/56 MP: 9/9
  4758 | D:6      | Slain by a gnoll sergeant

Illustrated notes

Levels and vault maps discovered:
D:1:      dpeg_arrival_short_road, layout_rooms
D:2:      layout_rooms, minivault_27, uniq_jessica, uniq_sigmund,
          uniq_crazy_yiuf_cottage
D:3:      layout_loops_ring, trog_book, chequers_serial_rivers_room_a,
          hangedman_decor_points
D:4:      corexii_shack_village, layout_loops_ring,
          nemelex_diamond_rough_becter, minmay_temple_entry_poolview,
          uniq_menkaure
D:5:      layout_loops_ring, ebering_ghost_sewer_f, reono_crystal_passage
D:6:      layout_loops_ring, nicolae_ru_sacrificial_ziggurat
Temple:   nicolae_temple_ecumenical_triangle

Skill      XL: |  1  2  3  4  5  6  7  8  9 |
---------------+----------------------------+-----
Fighting       | 4 5 6 7 |  7.0
Maces & Flails | 3 4 5 6 |  6.0
Armour         | 4 5 6 7 |  7.0
Shields        | 4 5 6 7 |  7.0

Action                     |  1- 3 |  4- 6 |  7- 9 || total
---------------------------+-------+-------+-------++-------
  Melee: Flail             |    93 |   144 |     5 ||   242
         Whip              |       |       |   301 ||   301
  Throw: Dart              |     2 |     2 |       ||     4
 Invoke: Heroism           |       |       |     1 ||     1
    Use: Scroll            |       |       |     8 ||     8
 Armour: Scale mail        |    38 |       |       ||    38
         Chain mail        |    47 |    91 |   187 ||   325
  Dodge: Dodged            |    60 |    63 |    90 ||   213
  Block: Buckler           |    19 |    38 |    43 ||   100
         Tower shield      |       |       |    22 ||    22

Table legend: (Time is in decaauts)
 A = Elapsed time spent in this place.
 B = Non-inter-level travel time spent in this place.
 C = Inter-level travel time spent in this place.
 D = Time resting spent in this place.
 E = Time spent auto-exploring this place.
 F = Levels seen in this place.
 G = Mean time per level.
                   A        B        C        D        E       F      G
               +--------+--------+--------+--------+--------+-----+--------+
         Total |   4797 |   4522 |    275 |    304 |   3029 |   7 |  685.3 |
       Dungeon |   4778 |   4519 |    259 |    304 |   3029 |   6 |  796.3 |
        Temple |     18 |      2 |     16 |      0 |      0 |   1 |   18.0 |
               +--------+--------+--------+--------+--------+-----+--------+

Top non-repeatable levels by time:
     D:4: 1063 daAuts
     D:5: 1023 daAuts
     D:3: 910 daAuts
     D:1: 825 daAuts
     D:2: 776 daAuts
     D:6: 178 daAuts
  Temple: 18 daAuts
